 Dungeon Crawl Stone Soup version 0.29.0-4-gdea44cf6ec (webtiles) character file.

Game seed: 3945515336009944790

4029 qw the Grappler (level 10, -1/96 HPs)
             Began as a Troll Cinder Acolyte on Aug 30, 2022.
             Was an Elder of Ignis.
             Succumbed to a killer bee's poison
             ... on level 8 of the Dungeon.
             The game lasted 00:03:41 (7203 turns).

qw the Grappler (Troll Cinder Acolyte)              Turns: 7203, Time: 00:03:42

Health: -1/96      AC: 13    Str: 28    XL:     10   Next: 4%
Magic:  1/10       EV: 10    Int: 10    God:    Ignis [****..]
Gold:   418        SH:  0    Dex: 11    Spells: 11/11 levels left

rFire   + + .      SeeInvis +     - Unarmed
rCold   . . .      Faith    .   (no shield)
rNeg    . . .      Spirit   +   d - +2 robe {rF+}
rPois   .          Reflect  .   (helmet restricted)
rElec   .          Harm     .   (no cloak)
rCorr   .          Rampage  .   (gloves unavailable)
Will    .....                   (boots unavailable)
Stlth   ++........              g - amulet of guardian spirit
HPRegen 1.06/turn               b - +6 ring of dexterity
MPRegen 0.12/turn               e - ring of see invisible

@: lethally poisoned (-1 -> -7), fiery-armoured
A: large, unfitting armour, claws 3, regeneration 1, shaggy fur 1, tough skin 1,
beak, hooves 1, camouflage 1, wild magic 1
a: Renounce Religion, Fiery Armour, Foxfire Swarm, Rising Flame


You were on level 8 of the Dungeon.
You worshipped Ignis.
Ignis was greatly pleased with you.
You visited 1 branch of the dungeon, and saw 8 of its levels.

You collected 418 gold pieces.


Innate Abilities, Weirdness & Mutations

You are too large for most types of armour.
You have claws for hands.
Your natural rate of healing is unusually fast.
You are covered in fur. (AC +1)
You have tough skin. (AC +1)
You have a beak for a mouth.
You have large cloven feet.
Your skin changes colour to match your surroundings (Stealth+).
Your spells are a little harder to cast, but a little more powerful.


   Skills:
 - Level 5.1 Fighting
 - Level 3.1 Throwing
 - Level 2.0 Dodging
 + Level 12.9 Unarmed Combat
 - Level 1.0 Spellcasting
 - Level 2.1 Fire Magic


You had 11 spell levels left.
You didn't know any spells.
Your spell library contained the following spells:

 Spells                   Type           Power      Damage    Failure   Level
 Scorch                   Fire           12%        2d5       30%         2

Inventory:

Missiles
 c - a javelin (quivered)
 j - 5 boomerangs
Armour
 d - a +2 robe of fire resistance (worn)
Jewellery
 b - a +6 ring of dexterity (left claw)
 e - a ring of see invisible (right claw)
 g - an amulet of guardian spirit (around neck)
 h - a ring of see invisible
Scrolls
 f - 2 scrolls of identify
Potions
 a - 3 potions of curing {unknown}
 i - a potion of might {unknown}
 k - 2 potions of magic {unknown}
 l - a potion of invisibility {unknown}

Dungeon Overview and Level Annotations

Branches:
Dungeon (8/15)             Temple (0/1) D:4
   Lair: D:8-11

Altars:
Elyvilon
Kikubaaqudgha
Nemelex Xobeh
Ru
The Shining One

Shops:
D:3 :


Message History

Found a scroll of identify and 5 poisoned darts.
The killer bee buzzes angrily. x3
You mangle the killer bee!!
You kill the killer bee!
You miss the killer bee. Your peck misses the killer bee.
The killer bee completely misses you. The killer bee stings you.
You are poisoned.
The killer bee poisons you!
The killer bee is burned by your cloak of flames.
The killer bee is moderately wounded.
The killer bee closely misses you.
The killer bee stings you but does no damage.
The killer bee is burned by your cloak of flames.
The killer bee is heavily wounded.
You closely miss the killer bee. Your kick misses the killer bee.
Your peck misses the killer bee.
The killer bee is heavily wounded.
You feel sick. The killer bee stings you!
You are lethally poisoned!
The killer bee poisons you!
The killer bee is burned by your cloak of flames.
The killer bee is moderately wounded.
The killer bee stings you.
The killer bee is burned by your cloak of flames.
The killer bee is severely wounded.
You miss the killer bee. Your kick misses the killer bee.
The killer bee is severely wounded.
You feel very sick. The killer bee closely misses you.
The killer bee stings you but does no damage.
The killer bee is burned by your cloak of flames.
The killer bee is almost dead.
The killer bee misses you.
The killer bee stings you but does no damage.
The killer bee is burned by your cloak of flames.
You kill the killer bee!
You miss the killer bee. Your kick misses the killer bee.
Your peck misses the killer bee.
The killer bee is moderately wounded.
You die...

#... ##.#
### ..# ##
#.#
##..#.#
####
#...#.#
....
#...%.#
#(..
#.?.y@#
..##
#........#
##.(.###.#
#... ..
#... ...
#... #.
#... ####


You could see a killer bee.

Vanquished Creatures
  Pikel (D:5)
  Grinder (D:5)
  A hornet (D:7)
  3 vampire mosquitoes (D:8)
  3 water moccasins
  Duvessa (D:6)
  An orc warrior (D:7)
  3 black bears
  A sky beast (D:7)
  An ice beast (D:6)
  An ogre (D:5)
  2 lemures (D:5)
  A phantom (D:6)
  A kobold brigand (D:7)
  A bullfrog (D:7)
  2 necrophages (D:5)
  A water moccasin zombie (D:5)
  5 scorpions
  3 wights (D:5)
  Dowan (D:6)
  2 killer bees (D:8)
  A human zombie (D:5)
  3 hounds
  2 centaur zombies (D:5)
  2 orc priests (D:5)
  5 iguanas (D:4)
  3 orc wizards (D:5)
  A scorpion zombie (D:5)
  A mummy (D:5)
  A howler monkey zombie (D:5)
  10 gnolls
  8 adders
  A shadow imp (D:7)
  A white imp (D:6)
  2 ufetubi
  4 worms
  4 dart slugs
  9 orcs
  7 endoplasms
  2 giant cockroaches
  6 goblins
  10 hobgoblins
  7 jackals
  5 kobolds
  4 quokkas
  5 ball pythons
  2 bats (D:3)
  A frilled lizard (D:1)
  6 rats
149 creatures vanquished.

Vanquished Creatures (others)
  A plant (D:6)
1 creature vanquished.

Grand Total: 150 creatures vanquished

Notes
Turn   | Place    | Note
-------+----------+-------------------------------------------
     0 | D:1      | qw the Troll Cinder Acolyte began the quest for the Orb.
     0 | D:1      | Reached XP level 1. HP: 22/22 MP: 1/1
     0 | D:1      | 0 ||| qw: Version: 0.1-a-95-gae9e614
     0 | D:1      | 0 ||| qw: Game counter: 4368
     0 | D:1      | 0 ||| qw: Always use a shield: true
     0 | D:1      | 0 ||| qw: God list: Okawaru
     0 | D:1      | 0 ||| qw: Allow faded altars: false
     0 | D:1      | 0 ||| qw: Do Orc after D:15 true
     0 | D:1      | 0 ||| qw: Do second Lair branch before Depths: true
     0 | D:1      | 0 ||| qw: Lair rune preference: random
     0 | D:1      | 0 ||| qw: Plans: Normal
     0 | D:1      | 0 ||| PLANNING D:1-11
   214 | D:1      | Reached XP level 2. HP: 29/29 MP: 2/2
   233 | D:1      | Found a faded altar of an unknown god.
   450 | D:1      | 450 ||| UPGRADING to +2 robe of fire resistance.
   460 | D:1      | 460 ||| DROPPING +0 robe.
   461 | D:1      | 461 ||| DROPPING amulet of magic regeneration.
   462 | D:1      | 462 ||| READING 2 scrolls labelled IVAUSE PAOMUSY.
   463 | D:1      | 463 ||| READING scroll labelled QEES XIESCHI.
   464 | D:1      | 464 ||| READING scroll labelled FYQEUM LAOXTUPOR.
   465 | D:1      | 465 ||| READING scroll labelled OLYHEGHYFFU.
   466 | D:1      | 466 ||| READING scroll labelled YPNOYR JARPH.
   467 | D:1      | 467 ||| DRINKING 2 fizzy black potions.
   468 | D:1      | 468 ||| DROPPING potion of brilliance.
   635 | D:2      | 635 ||| Stepping ~*~*~tactically~*~*~ (hiding).
   640 | D:2      | Reached skill level 4 in Unarmed Combat
   740 | D:2      | 740 ||| Stepping ~*~*~tactically~*~*~ (hiding).
   745 | D:2      | 745 ||| INVOKING Fiery Armour.
   750 | D:2      | Reached XP level 3. HP: 35/36 MP: 3/3
  1106 | D:2      | 1106 ||| READING 2 scrolls labelled ZIAMIGUWKU.
  1109 | D:2      | 1109 ||| DRINKING 2 metallic yellow potions.
  1109 | D:2      | Gained mutation: Your body sometimes deteriorates upon
                  | taking damage. [potion of mutation]
  1109 | D:2      | Gained mutation: Armour fits poorly on your strangely
                  | shaped body. [potion of mutation]
  1109 | D:2      | Gained mutation: Your muscles are strong. (Str +4, Int/Dex
                  | -1) [potion of mutation]
  1109 | D:2      | Gained mutation: You passively dampen the noise of your
                  | surroundings. [potion of mutation]
  1110 | D:2      | 1110 ||| DRINKING potion of mutation.
  1110 | D:2      | Lost mutation: Armour fits poorly on your strangely shaped
                  | body. [potion of mutation]
  1110 | D:2      | Lost mutation: Your muscles are strong. (Str +4, Int/Dex
                  | -1) [potion of mutation]
  1110 | D:2      | Lost mutation: Your body sometimes deteriorates upon taking
                  | damage. [potion of mutation]
  1110 | D:2      | Gained mutation: You are clumsy. (Dex -2) [potion of
                  | mutation]
  1110 | D:2      | Gained mutation: You sometimes lose your temper in combat.
                  | [potion of mutation]
  1193 | D:3      | 1193 ||| DRINKING potion of mutation.
  1193 | D:3      | Lost mutation: You are clumsy. (Dex -2) [potion of
                  | mutation]
  1193 | D:3      | Lost mutation: You passively dampen the noise of your
                  | surroundings. [potion of mutation]
  1193 | D:3      | Lost mutation: You sometimes lose your temper in combat.
                  | [potion of mutation]
  1193 | D:3      | Gained mutation: You have a beak for a mouth. [potion of
                  | mutation]
  1193 | D:3      | Gained mutation: You have large cloven feet. [potion of
                  | mutation]
  1193 | D:3      | Gained mutation: Your skin changes colour to match your
                  | surroundings (Stealth+). [potion of mutation]
  1193 | D:3      | Gained mutation: Your spells are a little harder to cast,
                  | but a little more powerful. [potion of mutation]
  1195 | D:3      | Found Lerresed's Book Boutique.
  1250 | D:3      | Found a white marble altar of Elyvilon.
  1259 | D:3      | 1259 ||| Stepping ~*~*~tactically~*~*~ (stealth).
  1298 | D:3      | 1298 ||| Stepping ~*~*~tactically~*~*~ (hiding).
  1306 | D:3      | Reached XP level 4. HP: 44/44 MP: 4/4
  1421 | D:3      | 1421 ||| Stepping ~*~*~tactically~*~*~ (stealth).
  1426 | D:3      | 1426 ||| Stepping ~*~*~tactically~*~*~ (stealth).
  1427 | D:3      | Noticed a scorpion
  1436 | D:3      | Killed a scorpion
  1468 | D:3      | You fall into a shaft and drop 2 floors!
  1468 | D:5      | Entered Level 5 of the Dungeon
  1495 | D:5      | Reached skill level 5 in Unarmed Combat
  1495 | D:5      | Reached XP level 5. HP: 50/50 MP: 5/5
  1519 | D:5      | 1519 ||| READING scroll labelled MUUPU ZOEMY.
  1520 | D:5      | 1520 ||| READING 3 scrolls of identify.
  1520 | D:5      | 1520 ||| IDENTIFYING murky golden potion
  1521 | D:5      | 1521 ||| DROPPING potion of attraction.
  1522 | D:5      | 1522 ||| READING scroll of teleportation.
  1533 | D:4      | 1533 ||| Stepping ~*~*~tactically~*~*~ (stealth).
  1535 | D:4      | 1535 ||| Stepping ~*~*~tactically~*~*~ (stealth).
  1536 | D:4      | 1536 ||| Stepping ~*~*~tactically~*~*~ (stealth).
  1556 | D:4      | Found a staircase to the Ecumenical Temple.
  1559 | D:4      | 1559 ||| Stepping ~*~*~tactically~*~*~ (stealth).
  1560 | D:4      | 1560 ||| Stepping ~*~*~tactically~*~*~ (stealth).
  1600 | D:4      | Reached skill level 6 in Unarmed Combat
  1600 | D:4      | Reached XP level 6. HP: 59/59 MP: 6/6
  1764 | D:4      | 1764 ||| READING 2 scrolls of identify.
  1764 | D:4      | 1764 ||| IDENTIFYING fuming clear potion
  1765 | D:4      | 1765 ||| DROPPING potion of flight.
  1766 | D:4      | 1766 ||| READING 3 scrolls of teleportation.
  1778 | D:4      | 1778 ||| READING 2 scrolls of teleportation.
  1902 | D:3      | 1902 ||| Stepping ~*~*~tactically~*~*~ (hiding).
  2004 | D:3      | 2004 ||| Stepping ~*~*~tactically~*~*~ (hiding).
  2005 | D:3      | 2005 ||| Stepping ~*~*~tactically~*~*~ (hiding).
  2118 | D:3      | 2118 ||| Stepping ~*~*~tactically~*~*~ (hiding).
  2220 | D:3      | 2220 ||| Stepping ~*~*~tactically~*~*~ (hiding).
  2322 | D:3      | 2322 ||| Stepping ~*~*~tactically~*~*~ (hiding).
  2464 | D:3      | 2464 ||| Stepping ~*~*~tactically~*~*~ (stealth).
  2540 | D:3      | Found a sacrificial altar of Ru.
  2703 | D:3      | Identified the +1 helmet of Absence {rF+ Int-3 Slay+6}
  2876 | D:3      | 2876 ||| UPGRADING to +6 ring of dexterity.
  2877 | D:3      | 2877 ||| UPGRADING to ring of see invisible.
  2926 | D:4      | 2926 ||| Stepping ~*~*~tactically~*~*~ (stealth).
  2929 | D:4      | 2929 ||| Stepping ~*~*~tactically~*~*~ (stealth).
  2931 | D:4      | 2931 ||| Stepping ~*~*~tactically~*~*~ (stealth).
  2933 | D:4      | 2933 ||| Stepping ~*~*~tactically~*~*~ (stealth).
  2935 | D:4      | 2935 ||| READING scroll of teleportation.
  2937 | D:4      | 2937 ||| FLEEEEING.
  2977 | D:4      | 2977 ||| Stepping randomly (stuck).
  2980 | D:4      | 2980 ||| Stepping randomly (stuck).
  2981 | D:4      | 2981 ||| Stepping randomly (stuck).
  2982 | D:4      | 2982 ||| Stepping randomly (stuck).
  2983 | D:4      | 2983 ||| Stepping randomly (stuck).
  2984 | D:4      | 2984 ||| Stepping randomly (stuck).
  2985 | D:4      | 2985 ||| Stepping randomly (stuck).
  2986 | D:4      | 2986 ||| Stepping randomly (stuck).
  2987 | D:4      | 2987 ||| Stepping randomly (stuck).
  2988 | D:4      | 2988 ||| Stepping randomly (stuck).
  2989 | D:4      | 2989 ||| Stepping randomly (stuck).
  2990 | D:4      | 2990 ||| Stepping randomly (stuck).
  2991 | D:4      | 2991 ||| Stepping randomly (stuck).
  2992 | D:4      | 2992 ||| Stepping randomly (stuck).
  2993 | D:4      | 2993 ||| Stepping randomly (stuck).
  2994 | D:4      | 2994 ||| Stepping randomly (stuck).
  2995 | D:4      | 2995 ||| Stepping randomly (stuck).
  2996 | D:4      | 2996 ||| Stepping randomly (stuck).
  2997 | D:4      | 2997 ||| Stepping randomly (stuck).
  3010 | D:4      | 3010 ||| Stepping randomly (stuck).
  3011 | D:4      | 3011 ||| Stepping randomly (stuck).
  3012 | D:4      | 3012 ||| Stepping randomly (stuck).
  3013 | D:4      | 3013 ||| Stepping randomly (stuck).
  3014 | D:4      | 3014 ||| Stepping randomly (stuck).
  3016 | D:4      | 3016 ||| Stepping randomly (stuck).
  3018 | D:4      | 3018 ||| Stepping randomly (stuck).
  3019 | D:4      | 3019 ||| Stepping randomly (stuck).
  3020 | D:4      | 3020 ||| Stepping randomly (stuck).
  3021 | D:4      | 3021 ||| Stepping randomly (stuck).
  3022 | D:4      | 3022 ||| Stepping randomly (stuck).
  3023 | D:4      | 3023 ||| Stepping randomly (stuck).
  3024 | D:4      | 3024 ||| Stepping randomly (stuck).
  3025 | D:4      | 3025 ||| Stepping randomly (stuck).
  3026 | D:4      | 3026 ||| Stepping randomly (stuck).
  3027 | D:4      | 3027 ||| Stepping randomly (stuck).
  3041 | D:4      | 3041 ||| Stepping randomly (stuck).
  3042 | D:4      | 3042 ||| Stepping randomly (stuck).
  3043 | D:4      | 3043 ||| Stepping randomly (stuck).
  3044 | D:4      | 3044 ||| Stepping randomly (stuck).
  3045 | D:4      | 3045 ||| Stepping randomly (stuck).
  3046 | D:4      | 3046 ||| Stepping randomly (stuck).
  3047 | D:4      | 3047 ||| Stepping randomly (stuck).
  3048 | D:4      | 3048 ||| Stepping randomly (stuck).
  3049 | D:4      | 3049 ||| Stepping randomly (stuck).
  3050 | D:4      | 3050 ||| Stepping randomly (stuck).
  3051 | D:4      | 3051 ||| Stepping randomly (stuck).
  3052 | D:4      | 3052 ||| Stepping randomly (stuck).
  3053 | D:4      | 3053 ||| Stepping randomly (stuck).
  3054 | D:4      | 3054 ||| Stepping randomly (stuck).
  3118 | D:4      | 3118 ||| Stepping ~*~*~tactically~*~*~ (hiding).
  3220 | D:4      | 3220 ||| Stepping ~*~*~tactically~*~*~ (hiding).
  3379 | D:4      | Reached XP level 7. HP: 66/66 MP: 7/7
  3462 | D:4      | Found a sparkling altar of Nemelex Xobeh.
  3480 | D:4      | 3480 ||| Stepping ~*~*~tactically~*~*~ (hiding).
  3582 | D:4      | 3582 ||| Stepping ~*~*~tactically~*~*~ (hiding).
  3684 | D:4      | 3684 ||| Stepping ~*~*~tactically~*~*~ (hiding).
  3786 | D:4      | 3786 ||| Stepping ~*~*~tactically~*~*~ (hiding).
  3888 | D:4      | 3888 ||| Stepping ~*~*~tactically~*~*~ (hiding).
  3990 | D:4      | 3990 ||| Stepping ~*~*~tactically~*~*~ (hiding).
  4092 | D:4      | 4092 ||| Stepping ~*~*~tactically~*~*~ (hiding).
  4194 | D:4      | 4194 ||| Stepping ~*~*~tactically~*~*~ (hiding).
  4296 | D:4      | 4296 ||| Stepping ~*~*~tactically~*~*~ (hiding).
  4398 | D:4      | 4398 ||| Stepping ~*~*~tactically~*~*~ (hiding).
  4500 | D:4      | 4500 ||| Stepping ~*~*~tactically~*~*~ (hiding).
  4625 | D:5      | Reached skill level 7 in Unarmed Combat
  4761 | D:5      | 4761 ||| Stepping ~*~*~tactically~*~*~ (stealth).
  4763 | D:5      | 4763 ||| Stepping ~*~*~tactically~*~*~ (stealth).
  4765 | D:5      | 4765 ||| Stepping ~*~*~tactically~*~*~ (stealth).
  4798 | D:5      | 4798 ||| Stepping ~*~*~tactically~*~*~ (stealth).
  4800 | D:5      | 4800 ||| Stepping ~*~*~tactically~*~*~ (stealth).
  4802 | D:5      | 4802 ||| Stepping ~*~*~tactically~*~*~ (stealth).
  4804 | D:5      | 4804 ||| Stepping ~*~*~tactically~*~*~ (stealth).
  4806 | D:5      | 4806 ||| Stepping ~*~*~tactically~*~*~ (stealth).
  4810 | D:5      | Reached skill level 8 in Unarmed Combat
  4810 | D:5      | Found an ancient bone altar of Kikubaaqudgha.
  4811 | D:5      | 4811 ||| Stepping ~*~*~tactically~*~*~ (stealth).
  4828 | D:5      | 4828 ||| Stepping ~*~*~tactically~*~*~ (stealth).
  4837 | D:5      | Reached skill level 3 in Fighting
  4863 | D:5      | 4863 ||| Stepping ~*~*~tactically~*~*~ (stealth).
  4865 | D:5      | 4865 ||| Stepping ~*~*~tactically~*~*~ (stealth).
  4867 | D:5      | 4867 ||| Stepping ~*~*~tactically~*~*~ (stealth).
  4901 | D:5      | Reached XP level 8. HP: 75/75 MP: 8/8
  5058 | D:5      | Noticed Grinder
  5059 | D:5      | 5059 ||| Stepping ~*~*~tactically~*~*~ (hiding).
  5161 | D:5      | 5161 ||| Stepping ~*~*~tactically~*~*~ (hiding).
  5263 | D:5      | 5263 ||| Stepping ~*~*~tactically~*~*~ (hiding).
  5265 | D:5      | 5265 ||| Stepping ~*~*~tactically~*~*~ (hiding).
  5272 | D:5      | 5272 ||| INVOKING Fiery Armour.
  5277 | D:5      | Killed Grinder
  5278 | D:5      | Reached skill level 9 in Unarmed Combat
  5286 | D:5      | 5286 ||| Stepping ~*~*~tactically~*~*~ (outnumbered).
  5309 | D:5      | 5309 ||| Stepping ~*~*~tactically~*~*~ (stealth).
  5343 | D:5      | 5343 ||| Stepping ~*~*~tactically~*~*~ (stealth).
  5352 | D:5      | Noticed Pikel
  5358 | D:5      | Killed Pikel
  5359 | D:5      | Reached skill level 10 in Unarmed Combat
  5486 | D:5      | 5486 ||| UPGRADING to amulet of guardian spirit.
  5491 | D:5      | 5491 ||| READING scroll labelled FOARHO ARERANN.
  5501 | D:6      | 5501 ||| Stepping ~*~*~tactically~*~*~ (hiding).
  5503 | D:6      | 5503 ||| Stepping ~*~*~tactically~*~*~ (stealth).
  5509 | D:6      | Reached XP level 9. HP: 74/83 MP: 7/9
  5520 | D:6      | 5520 ||| Stepping ~*~*~tactically~*~*~ (stealth).
  5588 | D:6      | Noticed Duvessa
  5588 | D:6      | Noticed Dowan
  5589 | D:6      | 5589 ||| INVOKING Fiery Armour.
  5591 | D:6      | Killed Dowan
  5598 | D:6      | Killed Duvessa
  5599 | D:6      | Reached skill level 11 in Unarmed Combat
  5637 | D:6      | 5637 ||| Stepping ~*~*~tactically~*~*~ (hiding).
  5638 | D:6      | 5638 ||| Stepping ~*~*~tactically~*~*~ (hiding).
  5643 | D:6      | 5643 ||| Stepping ~*~*~tactically~*~*~ (outnumbered).
  5650 | D:6      | Reached skill level 3 in Throwing
  5705 | D:6      | 5705 ||| Stepping ~*~*~tactically~*~*~ (stealth).
  5859 | D:6      | 5859 ||| Stepping ~*~*~tactically~*~*~ (stealth).
  5861 | D:6      | 5861 ||| Stepping ~*~*~tactically~*~*~ (stealth).
  5863 | D:6      | 5863 ||| Stepping ~*~*~tactically~*~*~ (stealth).
  6152 | D:6      | 6152 ||| READING scroll labelled OMUNIS LEZOTUBUH.
  6192 | D:7      | 6192 ||| Stepping ~*~*~tactically~*~*~ (stealth).
  6199 | D:7      | Reached skill level 12 in Unarmed Combat
  6421 | D:7      | 6421 ||| Stepping ~*~*~tactically~*~*~ (stealth).
  6450 | D:7      | 6450 ||| Stepping ~*~*~tactically~*~*~ (hiding).
  6552 | D:7      | 6552 ||| Stepping ~*~*~tactically~*~*~ (hiding).
  7002 | D:7      | 7002 ||| READING scroll labelled FAOJAA CEIMI.
  7132 | D:8      | Found a glowing golden altar of the Shining One.
  7191 | D:8      | 7191 ||| INVOKING Fiery Armour.
  7192 | D:8      | HP: 17/88 [vampire mosquito (6)]
  7193 | D:8      | 7193 ||| READING scroll of teleportation.
  7194 | D:8      | HP: 7/88 [vampire mosquito (3)]
  7197 | D:8      | Reached XP level 10. HP: 10/96 MP: 1/10
  7200 | D:8      | HP: 12/96 [killer bee (2)]
  7201 | D:8      | HP: 4/96 [killer bee (6)]
  7202 | D:8      | HP: 1/96 [poisoned by a killer bee]
  7203 | D:8      | Succumbed to a killer bee's poison

Levels and vault maps discovered:
D:1:      minmay_arrival_shoal_huts, layout_rooms,
          ebering_ecumenical_altar_sacrificial
D:2:      layout_loops_cross
D:3:      layout_loops_ring, mainiacjoe_overflow_24_doors,
          nicolae_ru_the_path_less_chosen, serial_shops,
          nicolae_shop_hallway_plus, minmay_misc_feat_enclosed
D:4:      minmay_general_purpose_star, layout_basic, kennysheep_little_box,
          minmay_temple_entry_grid, kennysheep_decorative_pillar
D:5:      layout_rooms, lemuel_mausoleum_altar_kikubaaqudgha,
          minmay_misc_feat_columns, uniq_grinder, uniq_pikel
D:6:      layout_basic, st_stairs_3, serial_bayou_pond_b, uniq_duvessa
D:7:      layout_rooms, kennysheep_generic_room_8
D:8:      layout_basic, nicolae_tso_carved_into_rock, serial_shops, shop,
          hex_tiny

Skill      XL: |  1  2  3  4  5  6  7  8  9 |
---------------+----------------------------+-----
Unarmed Combat | 4 5 6 8 10 12 | 12.9
Throwing       | 2 3 |  3.1
Dodging        | 2 |  2.0
Fighting       | 3 5 |  5.1
Spellcasting   | |  1.0
Fire Magic     | |  2.1

Action                   |  1- 3 |  4- 6 |  7- 9 | 10-12 || total
-------------------------+-------+-------+-------+-------++-------
Melee: Unarmed           |    72 |    63 |   232 |     5 ||   372
       Kick              |       |     5 |    46 |       ||    51
       Peck              |       |     5 |    31 |       ||    36
       Punch             |       |     1 |    10 |       ||    11
Throw: Javelin           |     2 |    40 |    36 |       ||    78
Invok: Fiery Armour      |     1 |       |     3 |       ||     4
  Use: Scroll            |     6 |     7 |     4 |       ||    17
       Potion            |     4 |       |       |       ||     4
 Stab: Sleeping          |       |     1 |       |       ||     1
       Distracted        |       |       |     1 |       ||     1
Armor: Robe              |    17 |    18 |    57 |     3 ||    95
Dodge: Dodged            |    20 |    14 |    95 |     4 ||   133

Table legend:
 A = Non-vault XP
 B = Vault XP
 C = Vault XP percentage of total XP
 D = Non-vault monster count
 E = Vault monster count
 F = Vault count percentage of total count
                 A         B        C        D         E       F
            +---------+---------+-------+---------+---------+-------
      Total |    3330 |    2427 |  42.2 |     121 |      26 |  17.7
            +---------+---------+-------+---------+---------+-------
        D:1 |      19 |       0 |   0.0 |      12 |       0 |   0.0
        D:2 |      72 |       0 |   0.0 |      14 |       0 |   0.0
        D:3 |     118 |       0 |   0.0 |      19 |       0 |   0.0
        D:4 |     432 |      40 |   8.5 |      24 |       3 |  11.1
        D:5 |     405 |    1606 |  79.9 |      19 |      14 |  42.4
        D:6 |     849 |     549 |  39.3 |      18 |       7 |  28.0
        D:7 |     624 |     232 |  27.1 |       8 |       2 |  20.0
        D:8 |     811 |       0 |   0.0 |       7 |       0 |   0.0
            +---------+---------+-------+---------+---------+-------
